 Dungeon Crawl Stone Soup version 0.29.0-4-gdea44cf6ec (webtiles) character file.

Game seed: 14813574594590420618

678 qw the Chopper (level 7, 0/43 HPs)
             Began as a Gargoyle Berserker on Sept 8, 2022.
             Was a Priest of Trog.
             Slain by Menkaure (10 damage)
             ... on level 4 of the Dungeon.
             The game lasted 00:01:38 (4036 turns).

qw the Chopper (Gargoyle Berserker)                 Turns: 4036, Time: 00:01:39

Health: 0/43       AC: 18    Str: 23    XL:     7   Next: 60%
Magic:  0/7        EV:  7    Int:  7    God:    Trog [***...]
Gold:   88         SH:  0    Dex:  9    Spells: 6/6 levels left

rFire   . . .      SeeInvis .   Y - +5 hand axe
rCold   . . .      Faith    .   (no shield)
rNeg    + . .      Spirit   +   i - +0 plate armour
rPois   inf        Reflect  .   d - +0 helmet
rElec   +          Harm     .   (no cloak)
rCorr   .          Rampage  .   (no gloves)
Will    .....                   (no boots)
Stlth   ..........              c - amulet of guardian spirit
HPRegen 0.14/turn               (no ring)
MPRegen 0.10/turn               (no ring)

@: about to teleport, on berserk cooldown, slowed, very slow
A: sickness immunity, AC +4, negative energy resistance 1, electricity
resistance, torment resistance 1, petrification resistance
a: Renounce Religion, Berserk, Trog's Hand


You were on level 4 of the Dungeon.
You worshipped Trog.
Trog was most pleased with you.
You visited 1 branch of the dungeon, and saw 4 of its levels.

You collected 154 gold pieces.
You spent 66 gold pieces at shops.


Innate Abilities, Weirdness & Mutations

You are immune to sickness and miasma.
Your stone body is resilient. (AC +4)
You are immune to poison.
You resist negative energy. (rN+)
You are resistant to electric shocks. (rElec)
You are resistant to unholy torment.
You are immune to petrification.


   Skills:
 - Level 4.0 Fighting
 + Level 6.6 Axes
 - Level 5.0 Armour
 - Level 1.5 Dodging


You had 6 spell levels left.
You didn't know any spells.
Your spell library was empty.

Inventory:

Hand Weapons
 h - a +0 morningstar
 Y - a +5 hand axe (weapon)
Armour
 d - a +0 helmet (worn)
 i - a +0 plate armour (worn)
Jewellery
 b - a ring of protection from cold
 c - an amulet of guardian spirit (around neck)
Scrolls
 a - a scroll of teleportation
 f - a scroll of identify
Potions
 e - a potion of cancellation {unknown}
 g - 6 potions of curing
 l - 2 potions of haste
 m - a potion of heal wounds {unknown}
 n - a potion of might {unknown}

Dungeon Overview and Level Annotations

Branches:
Dungeon (4/15)             Temple (0/1) D:4

Altars:
Nemelex Xobeh
Uskayaw

Shops:
D:4 !

Annotations:
D:4 Menkaure


Message History

You destroy the phantom!
Trog accepts your kill.
You barely miss something.
Menkaure casts a spell.
Menkaure seems to speed up.
The orc hits you but does no damage. Something hits you but does no damage.
You slash the orc!
You kill the orc!
Trog accepts your kill.
You hit something. Something hits you but does no damage.
You are no longer berserk.
You are exhausted.
You feel yourself slow down.
Menkaure calls on the powers of darkness!
Your body is wracked with pain!
Something is bathed in an unholy light!
Menkaure hits you!
You see here a potion of flight.
You slash Menkaure!
Menkaure is moderately damaged.
You closely miss something. Menkaure hits you! Something hits you.
An endoplasm comes into view.
Menkaure hits you!
The endoplasm quivers.
You hit Menkaure.
Menkaure is heavily damaged.
You completely miss something. Something hits you but does no damage.
Menkaure closely misses you. Something hits you but does no damage.
You hit Menkaure but do no damage.
Menkaure is heavily damaged.
You miss something. You completely miss the endoplasm. Menkaure hits you.
Menkaure barely misses you. Something hits you. The endoplasm hits you.
4036 ||| READING 2 scrolls of teleportation.
As you read the scroll of teleportation, it crumbles to dust.
You feel strangely unstable. Menkaure hits you!
You die...

##### .#+### ######
.....# .....# .....
###### ######...
#.?....# #..)...#
#....).# . #..)...# <#
+.$..@.# ..# #....MJ# ..
##############....#.##.#
........................
...#############.......#
...'...%.......'...$....
...#############.....#.#
...# #.....# ..(#
#.....#


You could see Menkaure (fast) and an endoplasm.

Vanquished Creatures
  Sigmund (D:3)
  A black bear (D:4)
  A phantom (D:4)
  A scorpion (D:4)
  Jessica (D:3)
  Natasha (D:4)
  Robin (D:3)
  5 gnolls
  6 adders
  A worm (D:2)
  2 dart slugs
  3 orcs (D:4)
  8 ball pythons
  5 bats
  3 endoplasms
  9 giant cockroaches
  13 goblins
  13 hobgoblins
  14 jackals
  2 quokkas
  5 frilled lizards
  11 kobolds
  6 rats
113 creatures vanquished.

Notes
Turn   | Place    | Note
-------+----------+-------------------------------------------
     0 | D:1      | qw the Gargoyle Berserker began the quest for the Orb.
     0 | D:1      | Reached XP level 1. HP: 14/14 MP: 1/1
     0 | D:1      | 0 ||| qw: Version: 0.1-a-112-g44dc6cd
     0 | D:1      | 0 ||| qw: Game counter: 6655
     0 | D:1      | 0 ||| qw: Always use a shield: true
     0 | D:1      | 0 ||| qw: Do Orc after D:15 true
     0 | D:1      | 0 ||| qw: Do second Lair branch before Depths: true
     0 | D:1      | 0 ||| qw: Lair rune preference: random
     0 | D:1      | 0 ||| qw: Plans: Normal
     0 | D:1      | 0 ||| PLANNING D:1-11
   111 | D:1      | Reached skill level 3 in Axes
   159 | D:1      | Reached XP level 2. HP: 11/19 MP: 2/2
   498 | D:1      | 498 ||| DROPPING +0 club.
   513 | D:1      | Found a faded altar of an unknown god.
   561 | D:1      | 561 ||| INVOKING Berserk.
   902 | D:1      | Reached XP level 3. HP: 23/23 MP: 3/3
   902 | D:1      | Reached ** piety under Trog
  1117 | D:1      | 1117 ||| INVOKING Berserk.
  1120 | D:1      | Reached skill level 4 in Axes
  1489 | D:1      | 1489 ||| UPGRADING to +0 ring mail.
  1499 | D:1      | 1499 ||| DROPPING +0 animal skin.
  1500 | D:1      | 1500 ||| UPGRADING to +0 plate armour.
  1510 | D:1      | 1510 ||| DROPPING +0 ring mail.
  1511 | D:1      | 1511 ||| READING scroll labelled QAIR KOJOLEX.
  1512 | D:1      | 1512 ||| READING scroll labelled IHUXZU GESSALI.
  1564 | D:1      | 1564 ||| READING 2 scrolls labelled RYOTUAL ZEVO.
  1565 | D:1      | 1565 ||| DRINKING 3 glowing amethyst potions.
  1566 | D:1      | 1566 ||| DRINKING 2 fizzy ruby potions.
  1567 | D:1      | 1567 ||| DROPPING potion of brilliance.
  1568 | D:1      | 1568 ||| DROPPING scroll of amnesia.
  1693 | D:2      | 1693 ||| Stepping ~*~*~tactically~*~*~ (stealth).
  1702 | D:2      | 1702 ||| Stepping ~*~*~tactically~*~*~ (stealth).
  1709 | D:2      | Reached XP level 4. HP: 28/28 MP: 4/4
  1719 | D:2      | Identified the +2 sling "Uhaggom" {speed, rF++}
  1801 | D:2      | 1801 ||| Stepping ~*~*~tactically~*~*~ (stealth).
  1802 | D:2      | 1802 ||| Stepping ~*~*~tactically~*~*~ (stealth).
  2043 | D:2      | 2043 ||| DROPPING +0 whip.
  2349 | D:2      | 2349 ||| UPGRADING to amulet of guardian spirit.
  2354 | D:2      | 2354 ||| READING 2 scrolls labelled UVAWEU WAIMPIF.
  2357 | D:2      | 2357 ||| READING 5 scrolls labelled BOGEKKY DUTTEA.
  2358 | D:2      | 2358 ||| READING 4 scrolls of enchant weapon.
  2358 | D:2      | 2358 ||| ENCHANTING +1 hand axe.
  2359 | D:2      | 2359 ||| READING 3 scrolls of enchant weapon.
  2359 | D:2      | 2359 ||| ENCHANTING +2 hand axe.
  2360 | D:2      | 2360 ||| READING 2 scrolls of enchant weapon.
  2360 | D:2      | 2360 ||| ENCHANTING +3 hand axe.
  2361 | D:2      | 2361 ||| READING scroll of enchant weapon.
  2361 | D:2      | 2361 ||| ENCHANTING +4 hand axe.
  2362 | D:2      | 2362 ||| READING scroll labelled GYBLAO ZOTIFI.
  2384 | D:3      | 2384 ||| Stepping ~*~*~tactically~*~*~ (hiding).
  2387 | D:3      | Noticed Robin
  2394 | D:3      | 2394 ||| INVOKING Berserk.
  2403 | D:3      | Killed Robin
  2412 | D:3      | Reached skill level 5 in Axes
  2413 | D:3      | Reached *** piety under Trog
  2414 | D:3      | 2414 ||| FLEEEEING.
  2415 | D:3      | 2415 ||| FLEEEEING.
  2416 | D:3      | 2416 ||| FLEEEEING.
  2417 | D:3      | 2417 ||| FLEEEEING.
  2418 | D:3      | 2418 ||| FLEEEEING.
  2419 | D:3      | 2419 ||| STAIRDANCE
  2544 | D:3      | Reached XP level 5. HP: 31/32 MP: 5/5
  2546 | D:3      | 2546 ||| Stepping ~*~*~tactically~*~*~ (stealth).
  2598 | D:3      | Found a hide-covered altar of Uskayaw.
  2630 | D:3      | Found a sparkling altar of Nemelex Xobeh.
  2820 | D:3      | Noticed Sigmund
  2824 | D:3      | 2824 ||| INVOKING Berserk.
  2828 | D:3      | Killed Sigmund
  2829 | D:3      | Reached XP level 6. HP: 37/37 MP: 4/6
  2995 | D:3      | 2995 ||| Stepping ~*~*~tactically~*~*~ (stealth).
  3033 | D:3      | Noticed Jessica
  3034 | D:3      | 3034 ||| Stepping ~*~*~tactically~*~*~ (hiding).
  3035 | D:3      | 3035 ||| Stepping ~*~*~tactically~*~*~ (hiding).
  3050 | D:3      | Killed Jessica
  3305 | D:3      | 3305 ||| UPGRADING to +0 helmet.
  3310 | D:3      | 3310 ||| READING scroll labelled EHIVVAROAG.
  3311 | D:3      | 3311 ||| READING scroll labelled JIYH DYCYANAGHA.
  3312 | D:3      | 3312 ||| READING 4 scrolls of identify.
  3312 | D:3      | 3312 ||| IDENTIFYING lumpy pink potion
  3313 | D:3      | 3313 ||| READING 3 scrolls of identify.
  3313 | D:3      | 3313 ||| IDENTIFYING white potion
  3314 | D:3      | 3314 ||| READING 2 scrolls of identify.
  3314 | D:3      | 3314 ||| IDENTIFYING glowing yellow potion
  3315 | D:3      | 3315 ||| DROPPING potion of invisibility.
  3316 | D:3      | 3316 ||| DROPPING potion of flight.
  3317 | D:3      | 3317 ||| DROPPING potion of lignification.
  3495 | D:4      | Found a staircase to the Ecumenical Temple.
  3533 | D:4      | Found Wywnuoj's Distillery.
  3542 | D:4      | 3542 ||| BUYING potion of curing (33 gold).
  3542 | D:4      | Bought a potion of curing for 33 gold pieces
  3542 | D:4      | 3542 ||| BUYING potion of curing (33 gold).
  3542 | D:4      | Bought a potion of curing for 33 gold pieces
  3613 | D:4      | 3613 ||| Stepping ~*~*~tactically~*~*~ (stealth).
  3717 | D:4      | Reached XP level 7. HP: 43/43 MP: 7/7
  3749 | D:4      | Noticed Natasha
  3752 | D:4      | 3752 ||| INVOKING Berserk.
  3756 | D:4      | Killed Natasha
  3948 | D:4      | 3948 ||| Stepping ~*~*~tactically~*~*~ (stealth).
  3950 | D:4      | 3950 ||| Stepping ~*~*~tactically~*~*~ (stealth).
  4015 | D:4      | 4015 ||| INVOKING Berserk.
  4016 | D:4      | Noticed Menkaure
  4020 | D:4      | Reached skill level 6 in Axes
  4035 | D:4      | HP: 10/43 [endoplasm (2)]
  4036 | D:4      | 4036 ||| READING 2 scrolls of teleportation.
  4036 | D:4      | Slain by Menkaure

Levels and vault maps discovered:
D:1:      evilmike_arrival_rings, layout_rooms, serial_aquarium,
          aquarium_bridge_long_separate [aquarium_subvault_bridge,
          aquarium_subvault_bridge, aquarium_subvault_bridge,
          aquarium_subvault_bridge, aquarium_subvault_window,
          aquarium_subvault_wall], aquarium_bridge_straight
          [aquarium_subvault_bridge, aquarium_subvault_window,
          aquarium_subvault_bridge, aquarium_subvault_window],
          aquarium_window_1, aquarium_window_corridor_1, aquarium_window_1,
          aquarium_window_2, aquarium_view_2f, aquarium_pool_corner,
          hellmonk_ecumenical_altar_blasted
D:2:      layout_loops_ring
D:3:      layout_rooms, mainiacjoe_overflow_six_doors_small, lemuel_round_altar,
          minmay_misc_feat_enclosed, grunt_ministairs_13, minivault_27,
          nrook_mini_backslash, uniq_robin, uniq_jessica, uniq_sigmund
D:4:      layout_basic, yredelemnul_forgotten_temple_becter,
          minmay_temple_entry_mist, serial_shops, shop,
          eino_small_chamber_without_monster, minmay_cupped, uniq_menkaure,
          uniq_natasha

Skill      XL: |  1  2  3  4  5  6  7 |
---------------+----------------------+-----
Axes           | 3 4 5 6 |  6.6
Armour         | 5 |  5.0
Fighting       | 4 |  4.0
Dodging        | |  1.5

Action                   |  1- 3 |  4- 6 |  7- 9 || total
-------------------------+-------+-------+-------++-------
Melee: Hand axe          |   114 |   175 |    38 ||   327
       Punch             |     1 |     1 |       ||     2
Invok: Berserk           |     2 |     2 |     2 ||     6
  Use: Scroll            |     3 |    12 |     1 ||    16
       Potion            |     2 |       |       ||     2
Armor: Animal skin       |    33 |       |       ||    33
       Plate armour      |    10 |   104 |    26 ||   140
Dodge: Dodged            |    73 |    55 |    11 ||   139

Table legend:
 A = Non-vault XP
 B = Vault XP
 C = Vault XP percentage of total XP
 D = Non-vault monster count
 E = Vault monster count
 F = Vault count percentage of total count
                 A         B        C        D         E       F
            +---------+---------+-------+---------+---------+-------
      Total |     525 |     444 |  45.8 |      94 |      19 |  16.8
            +---------+---------+-------+---------+---------+-------
        D:1 |      61 |       0 |   0.0 |      28 |       0 |   0.0
        D:2 |      58 |       0 |   0.0 |      25 |       0 |   0.0
        D:3 |      70 |     308 |  81.5 |      21 |      16 |  43.2
        D:4 |     336 |     136 |  28.8 |      20 |       3 |  13.0
            +---------+---------+-------+---------+---------+-------
